 Dungeon Crawl Stone Soup version 0.22-a0-63-geddfa9b (webtiles) character file.

63 sanka the Vexing (level 3, -5/24 HPs)
             Began as a Mummy Wanderer on July 15, 2016.
             Killed from afar by Ijyb (10 damage)
             ... with a wand of flame (24)
             ... on level 3 of the Dungeon on Jan 10, 2018.
             The game lasted 00:10:16 (2882 turns).

sanka the Vexing (Mummy Wanderer)                   Turns: 2882, Time: 00:10:17

Health: -5/24      AC:  2    Str: 12    XL:     3   Next: 87%
Magic:  2/7        EV: 11    Int: 11    God:
Gold:   154        SH:  0    Dex: 15    Spells: 0/8 levels left

rFire    x . .     SeeInvis .   j - +1 hand axe (flame)
rCold    + . .     Gourm    .   (no shield)
rNeg     + + +     Faith    .   d - +0 robe
rPois    ∞         Spirit   .   (no helmet)
rElec    .         Reflect  .   (no cloak)
rCorr    .         Harm     .   (no gloves)
MR       .....                  (no boots)
Stlth    ++........             (no amulet)
HPRegen  0.08/turn              (no ring)
MPRegen  0.10/turn              (no ring)

@: no status effects
A: no food or potions, fire vulnerability, cold resistance 1, negative energy
resistance 3, torment resistance, unbreathing
a: no special abilities


You were on level 3 of the Dungeon.
You were not hungry.

You visited 1 branch of the dungeon, and saw 3 of its levels.

You collected 154 gold pieces.


Innate Abilities, Weirdness & Mutations

You do not eat or drink.
Your flesh is vulnerable to fire.
You are immune to poison.
Your flesh is cold resistant. (rC+)
You are immune to negative energy. (rN+++)
You are immune to unholy pain and torment.
You can survive without breathing.


   Skills:
 - Level 1.0 Throwing
 - Level 1.0 Stealth
 - Level 3.0 Spellcasting
 + Level 3.9 Hexes
   Level 1.5 Summonings
 - Level 3.0 Necromancy


You couldn't memorise any spells.
You knew the following spells:

 Your Spells              Type           Power        Failure   Level  Hunger
c - Confuse               Hex            ##......     16%         3    N/A
x - Vampiric Draining     Necr           #.........   22%         3    N/A
z - Pain                  Necr           #...         8%          1    N/A
Z - Corona                Hex            ##.....      5%          1    N/A

Inventory:

Hand Weapons
 e - a +0 dagger
 j - a +1 hand axe of flaming (weapon)
Missiles
 h - 37 stones (quivered)
Armour
 d - a +0 robe (worn)
Scrolls
 c - 3 scrolls of teleportation
 f - 6 scrolls of identify {unknown}
 g - a scroll of amnesia {unknown}
 i - a scroll of enchant armour {unknown}
Books
 a - a book of Maledictions

   Spells                             Type                      Level
   a - Corona                         Hexes                        1
   b - Ensorcelled Hibernation        Hexes/Ice                    2
   c - Confuse                        Hexes                        3
   d - Tukima's Dance                 Hexes                        3
   e - Dazzling Spray                 Conjuration/Hexes            3
 b - the Guide on Black Magic

   Spells                             Type                      Level
   a - Pain                           Necromancy                   1
   b - Vampiric Draining              Necromancy                   3

Dungeon Overview and Level Annotations

Branches:
Dungeon (3/15)

Altars:
Okawaru

Annotations:
D:3 Ijyb

...▒ .. ▒▒.▒▒▒ .
▒....▒▒▒▒...
▒.▒▒........
▒▒.▒.<..▒ ...
▒....▒▒▒▒....
▒.▒▒..▒▒........
▒....M..........
▒.....g.........
..................
▒........÷..▒▒▒▒▒▒
..........▒▒▒
..▒.▒.▒▒..▒ ▒.▒.▒.
.... . ....▒▒.▒


You could see Ijyb.


Message History

No target in view!
No target in view!
No target in view!
You hit Ijyb. You burn Ijyb.
Ijyb is moderately wounded.
Ijyb clutches her head and gibbers rapidly, swaying.
Ijyb seems less confused.
Ijyb misses you.
You closely miss Ijyb.
Ijyb is moderately wounded.
Ijyb hits you with a dagger.
You completely miss Ijyb.
Ijyb is moderately wounded.
Ijyb barely misses you.
You hit Ijyb. You burn Ijyb.
Ijyb is heavily wounded.
Ijyb hits you but does no damage.
Ijyb zaps a wand.
The puff of flame hits you! The fire burns you terribly!
Ouch! That really hurt!
* * * LOW HITPOINT WARNING * * *
It is a wand of flame (24).
Casting: Confuse
Confirm with . or Enter, or press ? or * to list all spells.
Aiming: Confuse
Press: ? - help, Shift-Dir - straight line, f/p - Ijyb
Aim: Ijyb, wielding a dagger, wearing a leather armour and carrying a wand of flame (24) (heavily wounded, chance to defeat MR: 50%) Ijyb resists with some effort.
Ijyb closely misses you.
You closely miss Ijyb.
Ijyb is heavily wounded.
Ijyb zaps a wand.
The puff of flame hits you! The fire burns you terribly!
You die...

Action                   || total
-------------------------++-------
Melee: Dagger            ||    79
       Hand axe          ||    16
Throw: Stone             ||     1
 Cast: Pain              ||    92
       Confuse           ||     2
Armor: Robe              ||    16
Dodge: Dodged            ||    68

Vault maps used:
D:1:      mrwooster_arrival_statue_2, serial_bayou_lagoon_a
D:2:      okawaru_ov_weapons_minmay
D:3:      grunt_temple_overflow_cloverleaf, uniq_ijyb

Notes
Turn   | Place    | Note
-------+----------+-------------------------------------------
     0 | D:1      | sanka the Mummy Wanderer began the quest for the Orb.
     0 | D:1      | sanka set off with: a book of Maledictions, the Guide on Black Magic, a scroll of teleportation, a +0 robe, a +0 dagger
     0 | D:1      | Reached XP level 1. HP: 13/13 MP: 3/3
   125 | D:1      | Identified the Guide on Black Magic
   125 | D:1      | Upgraded the game from 0.19-a0-994-g3c636f0 to 0.22-a0-63-geddfa9b
   127 | D:1      | Learned a level 1 spell: Pain
   402 | D:1      | Reached skill level 3 in Spellcasting
   522 | D:1      | Reached skill level 1 in Necromancy
   530 | D:1      | Reached XP level 2. HP: 6/19 MP: 1/6
  1097 | D:1      | Reached skill level 2 in Necromancy
  1239 | D:1      | Learned a level 1 spell: Corona
  1518 | D:2      | Reached XP level 3. HP: 21/24 MP: 0/7
  1586 | D:2      | Learned a level 3 spell: Vampiric Draining
  1590 | D:2      | Learned a level 3 spell: Confuse
  2400 | D:2      | Found an iron altar of Okawaru.
  2658 | D:3      | Noticed Ijyb
  2721 | D:2      | Reached skill level 3 in Necromancy
  2882 | D:3      | Killed from afar by Ijyb

Vanquished Creatures
  An ooze (D:2)
  A worm (D:2)
  2 leopard geckos (D:2)
  An orc (D:2)
  3 giant cockroaches
  4 goblins (D:1)
  7 hobgoblins
  6 jackals
  7 kobolds
  A quokka (D:3)
  4 bats
  6 frilled lizards
  3 rats
46 creatures vanquished.

Vanquished Creatures (others)
  A plant (D:1)
1 creature vanquished.

Grand Total: 47 creatures vanquished
